AoeStats
← monniervictor

Black Forest

508433960Analyzed
4v4 RM · 9d ago on Sep 22, 2026· 92m 50s· 8 players
Game mode
Random Map
Map size
Large (8 player)
Population
200
Speed
Normal
Resources
Standard
Victory
Conquest
Starting age
Dark Age
Ending age
Imperial Age
RankedLock teamsTeams togetherTeam positionsShared explorationLock speedFull tech treeHidden civsTurbo modeCheats
Victory
Defeat
🇺🇸 Celts · United States
808
+14
🇨🇳 Turks · China
764
+16
🇨🇳 Turks · China
762
+16
🇦🇺 Ethiopians · Australia
717
+18
🇩🇪 Khmer · Germany
847
-20
🇫🇷 Britons · France
763
-16
🇮🇹 Goths · Italy
732
-15
🇿🇦 Sicilians · South Africa
697
-13
83766496
5:34 Loom
12:18 Feudal Age
14:51 Horse Collar
17:56 Castle Age
15:46 Double-Bit Axe
15:46 Horse Collar
22:57 Gold Mining
26:35 Wheelbarrow
26:05 Treadmill Crane
27:12 Heavy Plow
28:37 Bow Saw
31:59 Imperial Age
30:12 Padded Archer Armor
31:36 Fletching
32:56 Ballistics
33:47 Two-Man Saw
32:43 Town Watch
33:22 Conscription
32:33 Capped Ram
34:21 Gold Shaft Mining
33:37 Stone Mining
34:51 Artillery
35:08 Bodkin Arrow
35:31 Leather Archer Armor
36:23 Bloodlines
36:16 Husbandry
36:29 Forging
36:25 Scale Barding Armor
36:25 Cavalier
39:57 Squires
39:19 Man-at-Arms
40:19 Guilds
40:17 Long Swordsman
41:41 Bombard Tower
41:26 Two-Handed Swordsman
42:57 Thumb Ring
43:04 Scale Mail Armor
43:56 Iron Casting
43:02 Heavy Scorpion
43:28 Champion
45:32 Chain Barding Armor
46:14 Blast Furnace
48:01 Chain Mail Armor
47:48 Bracer
49:40 Caravan
50:26 Plate Barding Armor
49:38 Siege Ram
52:28 Ring Archer Armor
52:29 Plate Mail Armor
53:13 Hand Cart
53:13 Town Patrol
55:50 Heavy Camel Rider
60:47 Arrowslits
61:00 Murder Holes
70:25 Guard Tower
70:48 Masonry
85:43 Architecture
85:50 Keep
板蓝根
2:38 Loom
17:42 Feudal Age
18:20 Double-Bit Axe
18:34 Gold Mining
18:28 Horse Collar
18:16 Man-at-Arms
22:58 Stone Mining
29:00 Castle Age
31:21 Squires
35:26 Imperial Age
34:44 Long Swordsman
36:20 Wheelbarrow
35:31 Town Watch
40:38 Hand Cart
40:24 Town Patrol
41:04 Elite Janissary
42:08 Two-Handed Swordsman
48:09 Gold Shaft Mining
47:52 Champion
52:16 Bow Saw
55:25 Heavy Plow
58:58 Two-Man Saw
61:12 Bloodlines
62:51 Sipahi
62:06 Sappers
63:12 Hoardings
62:59 Conscription
62:04 Capped Ram
63:12 Siege Ram
68:42 Fletching
68:52 Padded Archer Armor
68:53 Scale Mail Armor
69:00 Scale Barding Armor
69:05 Forging
70:17 Chain Barding Armor
69:53 Bodkin Arrow
72:14 Cavalier
72:55 Husbandry
72:16 Heavy Camel Rider
76:36 Plate Barding Armor
76:16 Chain Mail Armor
76:37 Iron Casting
76:18 Leather Archer Armor
76:04 Bracer
76:08 Artillery
77:52 Heavy Scorpion
79:06 Plate Mail Armor
79:07 Ring Archer Armor
80:41 Caravan
81:11 Coinage
80:52 Guilds
Brown Sugar
15:45 Feudal Age
15:29 Loom
17:43 Horse Collar
17:51 Double-Bit Axe
17:53 Town Watch
18:01 Stone Mining
18:03 Gold Mining
20:58 Castle Age
21:05 Wheelbarrow
22:46 Gold Shaft Mining
22:48 Stone Shaft Mining
22:16 Heavy Plow
22:28 Bow Saw
33:08 Hand Cart
37:39 Imperial Age
36:22 Coinage
35:53 Caravan
36:08 Fletching
36:57 Masonry
36:57 Fortified Wall
37:13 Ballistics
36:45 Guard Tower
36:58 Murder Holes
39:39 Torsion Engines
40:01 Conscription
40:22 Caravan
41:05 Town Patrol
42:44 Two-Man Saw
44:02 Chemistry
46:05 Heavy Scorpion
50:31 Siege Engineers
51:52 Banking
51:33 Guilds
53:27 Guilds
59:48 Architecture
59:08 Guard Tower
59:16 Bodkin Arrow
63:36 Bracer
64:16 Keep
88:54 Onager
90:12 Siege Onager
90:12 Capped Ram
91:58 Siege Ram
一把菜刀
0:55 Loom
14:31 Feudal Age
16:40 Wheelbarrow
19:39 Castle Age
17:29 Horse Collar
19:32 Double-Bit Axe
21:52 Stone Mining
21:54 Gold Mining
25:26 Fortified Wall
25:38 Ballistics
28:18 Caravan
34:43 Imperial Age
32:04 Town Watch
33:22 Gold Shaft Mining
34:59 Pikeman
36:42 Furor Celtica
39:12 Chemistry
38:17 Fletching
38:39 Forging
38:34 Stronghold
40:15 Conscription
40:49 Siege Engineers
40:15 Heavy Scorpion
45:29 Halberdier
76:27 Hand Cart
Örfdemadafaka
0:28 Loom
14:53 Feudal Age
17:58 Castle Age
15:55 Horse Collar
17:05 Double-Bit Axe
19:44 Gold Mining
26:19 Caravan
27:33 Heavy Plow
27:46 Bow Saw
29:15 Wheelbarrow
29:19 Stone Mining
30:20 Gold Shaft Mining
29:37 Town Watch
32:30 Hand Cart
33:04 Town Patrol
36:52 Imperial Age
35:28 Forging
35:18 Scale Mail Armor
35:23 Scale Barding Armor
35:09 Fletching
35:19 Padded Archer Armor
35:43 Ballistics
35:48 Husbandry
35:58 Bloodlines
37:01 Iron Casting
36:41 Chain Mail Armor
37:09 Cavalier
37:51 Onager
41:18 Blast Furnace
40:39 Chain Barding Armor
40:14 Bodkin Arrow
40:19 Padded Archer Armor
41:06 Double Crossbow
40:28 Elite Ballista Elephant
42:27 Crossbowman
42:27 Elite Skirmisher
42:27 Heavy Cavalry Archer
43:32 Parthian Tactics
44:56 Coinage
44:13 Arbalester
44:15 Man-at-Arms
46:54 Long Swordsman
46:55 Pikeman
47:20 Arson
49:53 Sappers
50:44 Conscription
50:47 Two-Handed Swordsman
50:47 Halberdier
54:27 Chemistry
53:23 Murder Holes
54:06 Plate Barding Armor
53:31 Bracer
53:46 Leather Archer Armor
62:38 Tusk Swords
63:14 Hoardings
62:09 Capped Ram
62:09 Heavy Scorpion
64:32 Siege Ram
69:39 Light Cavalry
73:30 Hussar
91:40 Masonry
91:36 Siege Engineers
91:42 Fortified Wall
monniervictor
10:44 Feudal Age
16:41 Horse Collar
16:49 Double-Bit Axe
17:50 Wheelbarrow
21:32 Castle Age
21:21 Stone Mining
27:36 Padded Archer Armor
27:27 Fletching
27:56 Heavy Plow
27:48 Gold Mining
28:10 Bow Saw
31:02 Hand Cart
31:48 Town Watch
32:25 Leather Archer Armor
32:06 Bodkin Arrow
33:58 Gold Shaft Mining
34:35 Caravan
34:53 Loom
35:08 Town Patrol
36:43 Forging
40:11 Imperial Age
38:29 Yeomen
39:42 Ballistics
39:33 Masonry
40:23 Yeomen
40:20 Crossbowman
40:26 Elite Longbowman
42:51 Arbalester
44:04 Ring Archer Armor
43:35 Bracer
45:13 Chemistry
44:44 Architecture
44:00 Arrowslits
44:26 Fortified Wall
44:11 Murder Holes
44:22 Siege Engineers
43:58 Treadmill Crane
44:09 Heated Shot
44:10 Guard Tower
45:32 Two-Man Saw
45:17 Iron Casting
45:08 Conscription
44:20 Sappers
45:27 Hoardings
44:54 Warwolf
53:37 Arson
53:52 Squires
53:13 Pikeman
53:39 Gambesons
59:26 Halberdier
62:54 Blast Furnace
62:35 Keep
61:24 Elite Skirmisher
80:59 Scale Mail Armor
81:05 Scale Barding Armor
84:06 Chain Barding Armor
84:04 Chain Mail Armor
psycho93
0:30 Loom
14:33 Feudal Age
17:02 Wheelbarrow
16:15 Double-Bit Axe
16:14 Horse Collar
19:48 Gold Mining
22:01 Stone Mining
24:15 Castle Age
23:43 Town Watch
24:13 Forging
24:03 Scale Mail Armor
24:31 Man-at-Arms
27:38 Heavy Plow
29:08 Bow Saw
29:35 Caravan
31:19 Stone Shaft Mining
33:08 Iron Casting
32:49 Chain Mail Armor
35:29 Imperial Age
33:31 Hand Cart
33:30 Murder Holes
35:29 Fervor
35:21 Anarchy
35:47 Squires
37:22 Perfusion
37:43 Conscription
38:00 Crop Rotation
39:34 Two-Man Saw
38:09 Pikeman
41:40 Chemistry
40:07 Halberdier
41:57 Elite Huskarl
45:52 Ballistics
49:37 Long Swordsman
51:43 Town Patrol
52:50 Blast Furnace
51:40 Fletching
51:51 Padded Archer Armor
51:24 Heavy Scorpion
51:29 Two-Handed Swordsman
52:35 Champion
54:00 Bodkin Arrow
54:31 Onager
sheldongriffinjohnson
15:21 Feudal Age
24:55 Horse Collar
25:15 Gold Mining
34:52 Castle Age
Connection lost

Rejoining the realm…

Still unreachable

The connection could not be restored.

Session expired

The server has moved on; the page needs a fresh start.